 Dungeon Crawl Stone Soup version 0.21.1-1-g345015f (webtiles) character file.

47 letownia2 the Conjurer (level 3, -5/19 HPs)
             Began as a Tengu Conjurer on Mar 3, 2018.
             Was a Follower of Cheibriados.
             Slain by an orc
             ... wielding a +0 flail
              (7 damage)
             ... on level 2 of the Dungeon.
             The game lasted 00:04:15 (699 turns).

letownia2 the Conjurer (Tengu Conjurer)              Turns: 699, Time: 00:04:16

Health: -5/19      AC:  4    Str: 10    XL:     3   Next: 70%
Magic:  2/7        EV: 12    Int: 18    God:    Cheibriados [*.....]
Gold:   34         SH:  0    Dex: 16    Spells: 3/6 levels left

rFire    . . .     SeeInvis .   a - +0 dagger (pain)
rCold    . . .     Gourm    .   (no shield)
rNeg     . . .     Faith    .   d - +0 leather armour
rPois    .         Spirit   .   (helmet restricted)
rElec    .         Reflect  .   (no cloak)
rCorr    .         Harm     .   m - +0 pair of gloves
MR       .....     Rnd*Tele +   (boots unavailable)
Stlth    ++........             (no amulet)
HPRegen  0.06/turn              g - ring of teleportation (curse)
MPRegen  0.10/turn              j - ring of flight

@: very slightly contaminated, very slow
A: beak, talons 3
a: Bend Time, Renounce Religion, Evoke Flight


You were on level 2 of the Dungeon.
You worshipped Cheibriados.
Cheibriados was aware of your devotion.
You were not hungry.

You visited 1 branch of the dungeon, and saw 3 of its levels.

You collected 34 gold pieces.

Inventory:

Hand Weapons
 a - a +0 dagger of pain (weapon)
Missiles
 e - 16 poisoned needles
Armour
 d - a +0 leather armour (worn)
 m - a +0 pair of gloves (worn)
 o - a +0 robe
Jewellery
 g - a cursed ring of teleportation (left hand)
 j - a ring of flight (right hand)
Scrolls
 f - 2 scrolls of identify
Potions
 h - a potion of curing {unknown}
 i - a potion of resistance
Books
 b - a book of Conjurations

   Spells                             Type                      Level
   a - Magic Dart                     Conjuration                  1
   b - Searing Ray                    Conjuration                  2
   c - Dazzling Spray                 Conjuration/Hexes            3
   d - Fulminant Prism                Conjuration/Hexes            4
   e - Force Lance                    Conjuration/Translocation    4
   f - Iskenderun's Mystic Blast      Conjuration                  4
Comestibles
 c - 8 rations
 n - a chunk of flesh


   Skills:
 - Level 2.1 Dodging
 - Level 2.0 Stealth
 - Level 2.0 Spellcasting
 + Level 7.0 Conjurations


You had 3 spell levels left.
You knew the following spells:

 Your Spells              Type           Power        Failure   Level  Hunger
a - Magic Dart            Conj           ####         1%          1    #......
l - Searing Ray           Conj           ####..       1%          2    ###....


Dungeon Overview and Level Annotations

Branches:
Dungeon (3/15)

Altars:
Cheibriados
Elyvilon
Makhleb
Okawaru
Sif Muna
Uskayaw
Yredelemnul


Innate Abilities, Weirdness & Mutations

You have a beak for a mouth.
You have claws for feet.


Message History

(Press . to maintain the ray.)
The rat barely misses you. The adder bites you.
* * * LOW HITPOINT WARNING * * *
Unknown command.
The searing ray hits the adder.
You kill the adder!
Cheibriados appreciates the change of pace.
Your Conjurations skill increases to level 7!
The rat closely misses you. The orc barely misses you. x2
Unknown command.
Casting: Searing Ray
Confirm with . or Enter, or press ? or * to list all spells.
Aiming: Magic Dart
Press: ? - help, Shift-Dir - straight line, f - orc
Aim: an orc The magic dart hits the orc.
The orc is moderately wounded.
The rat bites you but does no damage. The orc hits you but does no damage.
The orc hits you with a flail!
You die...

########
##......##########
#>......+.........
#.......#########.
#.......### #...
#†o..†).+.. #.#.
#@o.....##. #)#.
#r###.#.##. #.## #.#
#.#.##. #...
####.###.#.##. ######
###.........r##.##.....
#......###.####.)......
#................<.....
#..................÷...
###+##.##..####.####...


You could see 2 orcs and a rat.

Vanquished Creatures
  2 adders (D:2)
  A leopard gecko (D:1)
  7 bats
  A giant cockroach (D:2)
  A goblin (D:2)
  5 hobgoblins
  A quokka (D:2)
  2 frilled lizards (D:2)
  5 kobolds
  2 rats
27 creatures vanquished.

Notes
Turn   | Place    | Note
-------+----------+-------------------------------------------
     0 | D:1      | letownia2 the Tengu Conjurer began the quest for the Orb.
     0 | D:1      | Reached XP level 1. HP: 10/10 MP: 4/4
   281 | D:2      | Reached XP level 2. HP: 2/15 MP: 3/6
   284 | D:2      | Found a burning altar of Makhleb.
   316 | D:2      | Found a faded altar of an unknown god.
   325 | D:2      | Reached skill level 6 in Conjurations
   344 | D:2      | Found a faded altar of an unknown god.
   344 | D:2      | Found a snail-covered altar of Cheibriados.
   350 | D:2      | Found a faded altar of an unknown god.
   352 | D:2      | Became a worshipper of Cheibriados the Contemplative
   355 | D:2      | Found a basalt altar of Yredelemnul.
   357 | D:2      | Found a white marble altar of Elyvilon.
   370 | D:2      | Learned a level 2 spell: Searing Ray
   381 | D:2      | Found a hide-covered altar of Uskayaw.
   382 | D:2      | Found an iron altar of Okawaru.
   463 | D:2      | Found a deep blue altar of Sif Muna.
   594 | D:2      | Reached XP level 3. HP: 9/19 MP: 1/7
   640 | D:2      | Reached * piety under Cheibriados
   698 | D:2      | Reached skill level 7 in Conjurations
   699 | D:2      | Slain by an orc

Skill      XL: |  1  2  3 |
---------------+----------+-----
Conjurations   | 6 7 |  7.0
Dodging        | |  2.1
Stealth        | |  2.0
Spellcasting   | |  2.0

Action                   || total
-------------------------++-------
Melee: Unarmed           ||     2
 Cast: Magic Dart        ||    50
       Searing Ray       ||     1
  Use: Scroll            ||     3
Armor: Robe              ||     2
       Leather armour    ||    25
Dodge: Dodged            ||    47
